 Dungeon Crawl Stone Soup version 0.30-a0-591-g3c58d2bc28 (webtiles) character file.

Game seed: 17231996661517771648

877 Leeroy the Transmogrifier (level 8, 0/54 HPs)
             Began as a Merfolk Transmuter on Jan 5, 2023.
             Slain by a gnoll
             ... wielding a +0 flail
             ... led by a gnoll bouda
              (11 damage)
             ... on level 5 of the Dungeon.
             The game lasted 00:07:19 (4054 turns).

Leeroy the Transmogrifier (Merfolk Transmuter)      Turns: 4054, Time: 00:07:20

Health: 0/54       AC:  2    Str: 12    XL:     8   Next: 4%
Magic:  20/20      EV: 13    Int: 15    God:
Gold:   170        SH:  0    Dex: 14    Spells: 2/11 levels left

rFire   + . .      SeeInvis .    e - +2 short sword (venom)
rCold   . . .      Faith    .    (no shield)
rNeg    . . .      Spirit   .    a - +0 robe
rPois   .          Reflect  .    (no helmet)
rElec   .          Harm     .    (no cloak)
rCorr   .          Rampage  .    (no gloves)
Will    .....                    (no boots)
Stlth   ++                       (no amulet)
HPRegen 0.29/turn                o - ring of Rueh {rF+ Str+2}
MPRegen 0.17/turn                j - ring of magical power

@: no status effects
A: (nimble swimmer 2), mertail
a: no special abilities


You were on level 5 of the Dungeon.
You visited 1 branch of the dungeon, and saw 5 of its levels.

You collected 170 gold pieces.

Inventory:

Hand Weapons
 e - a +2 short sword of venom (weapon)
Missiles
 d - 11 poisoned darts (quivered)
Armour
 a - a +0 robe (worn)
Jewellery
 j - a ring of magical power (right hand)
 o - the ring of Rueh (left hand) {rF+ Str+2}
   (You found it on level 2 of the Dungeon)

   [ring of protection from fire]

   Str:       It affects your strength (+2).
   rF:        It protects you from fire.
 u - a ring of willpower
 y - a +6 ring of dexterity
Scrolls
 c - a scroll of magic mapping {unknown}
 f - 7 scrolls of teleportation {unknown}
 g - 7 scrolls of identify {unknown}
 h - 2 scrolls of enchant armour {unknown}
 k - a scroll of torment {unknown}
 l - a scroll of immolation {unknown}
 m - a scroll of blinking {unknown}
 q - a scroll of fear {unknown}
 s - a scroll of brand weapon {unknown}
 t - 2 scrolls of fog {unknown}
 v - a scroll of noise {unknown}
 w - a scroll of amnesia {unknown}
Potions
 b - 2 potions of lignification
 i - a potion of berserk rage {unknown}
 n - a potion of might {unknown}
 p - 5 potions of curing {unknown}
 r - 2 potions of heal wounds {unknown}
 x - a potion of haste {unknown}
 z - a potion of magic {unknown}
 A - a potion of resistance {unknown}
 B - a potion of invisibility {unknown}


   Skills:
 - Level 1.1 Fighting
 + Level 3.8 Dodging
 - Level 2.1 Stealth
 + Level 6.3 Unarmed Combat
 - Level 2.0 Spellcasting
 - Level 9.1 Transmutations


You had 2 spell levels left.
You knew the following spells:

 Your Spells              Type           Power      Damage    Failure   Level
a - Beastly Appendage     Tmut           56%        N/A       1%          1
b - Blade Hands           Tmut           14%        N/A       14%         5
c - Spider Form           Tmut/Pois      15%        N/A       11%         3

Your spell library contained the following spells:

 Spells                   Type           Power      Damage    Failure   Level
 Wereblood                Tmut           28%        N/A       1%          2
 Ice Form                 Ice/Tmut       15%        N/A       34%         4
 Dazzling Flash           Conj/Hex       2%         N/A       54%         3
 Gell's Gravitas          Tloc           1%         N/A       54%         3
 Teleport Other           Tloc           1%         N/A       54%         3
 Tukima's Dance           Hex            1%         N/A       54%         3
 Irradiate                Conj/Tmut      7%         3d14      67%         5
 Yara's Violent Unravell  Hex/Tmut       7%         3d5       67%         5
 Passage of Golubria      Tloc           1%         N/A       91%         4
 Agony                    Necr           1%         N/A       99%         5
 Silence                  Hex/Air        0%         N/A       99%         5
 Dragon Form              Tmut           14%        N/A       99%         7
 Dispersal                Tloc           0%         N/A       100%        6


Dungeon Overview and Level Annotations

Branches:
Dungeon (5/15)
 Temple: D:4-7

Altars:
Fedhas
Qazlal

Annotations:
D:2 1 runed translucent door, Crazy Yiuf
D:5 2 runed translucent doors


Innate Abilities, Weirdness & Mutations

((You are very nimble when in or above water. (Stealth+, EV+, Speed+++)))
Your lower body shifts to a powerful aquatic tail in water.


Message History

A gnoll bouda comes into view. It is wielding a +0 club.
The gnoll moves out of view.
You hear a shout! x2
The jelly quivers.
A gnoll comes into view. It is wielding a +0 spear.
The gnoll shouts!
A gnoll comes into view. It is wielding a +0 flail.
The gnoll bouda shouts!
The gnoll shouts!
You barely miss the ufetubus. The ufetubus hits you. The ufetubus misses you.
The gnoll bouda barks out a call to the hunt!
The gnolls pick up the pace!
The ufetubus barely misses you. The ufetubus closely misses you.
The adder hisses angrily.
You hit the ufetubus.
The ufetubus is poisoned.
The ufetubus is moderately wounded.
The ufetubus hits you. x2
You hit the ufetubus.
You kill the ufetubus!
The gnoll hits you from afar with a +0 spear.
The gnoll hits you from afar with a +0 spear!
The gnoll closely misses you.
The gnoll hits you from afar with a +0 spear.
You hit the jelly.
Your hands burn!
The jelly is moderately wounded.
The gnoll completely misses you. The jelly closely misses you.
The gnoll hits you from afar with a +0 spear.
The gnoll closely misses you. x2; The adder bites you.
You are too injured to fight recklessly!
You are too injured to fight recklessly!
The jelly attacks as you move away! The jelly hits you but does no damage.
The gnoll hits you from afar with a +0 spear.
The gnoll attacks as you move away! The gnoll misses you.
The gnoll closely misses you.
Okay, then.
The gnoll attacks as you move away! The gnoll closely misses you.
The gnoll hits you with a +0 flail.
* * * LOW HITPOINT WARNING * * *
The gnoll completely misses you. The gnoll barely misses you.
The gnoll attacks as you move away! The gnoll hits you with a +0 flail!
You die...

############
#..........###############
###..........##...g.........
..'...........'.@gJ...(.$...
###..........##..gg.........
#..........##...S.........
###..........##$............
.##..........##.....gg.>....
.##..[.......##.............
.##..........##[............
.##..........##.............
.##..........##.............


You could see a gnoll bouda, a jelly, 5 gnolls and an adder.

Vanquished Creatures
  Edmund (D:4)
  A black bear (D:4)
  An ogre (D:5)
  A necrophage (D:5)
  2 scorpions
  A hound (D:4)
  A jelly (D:5)
  An iguana (D:4)
  Jessica (D:2)
  Terence (D:1)
  6 orc wizards (D:5)
  2 adders
  An ufetubus (D:5)
  A worm (D:2)
  2 dart slugs
  6 orcs (D:5)
  7 bats
  5 endoplasms
  A giant cockroach (D:1)
  7 goblins
  3 hobgoblins
  7 jackals
  3 kobolds
  6 quokkas
  6 ball pythons
  3 frilled lizards
  5 rats
82 creatures vanquished.

Notes
Turn   | Place    | Note
-------+----------+-------------------------------------------
     0 | D:1      | Leeroy the Merfolk Transmuter began the quest for the Orb.
     0 | D:1      | Reached XP level 1. HP: 15/15 MP: 3/3
   108 | D:1      | Reached skill level 1 in Stealth
   108 | D:1      | Reached XP level 2. HP: 14/21 MP: 5/5
   393 | D:1      | Reached XP level 3. HP: 26/26 MP: 6/6
   585 | D:2      | Noticed Terence
   589 | D:2      | Noticed Jessica
   606 | D:1      | Killed Terence
   630 | D:2      | Killed Jessica
   631 | D:2      | Reached skill level 3 in Transmutations
   631 | D:2      | Reached XP level 4. HP: 32/32 MP: 7/7
   780 | D:2      | Found a stormy altar of Qazlal.
   852 | D:2      | Reached skill level 4 in Transmutations
   987 | D:2      | Identified the ring of Rueh {rF+ Str+2}
  1132 | D:2      | Found a runed translucent door.
  1133 | D:2      | Noticed Crazy Yiuf
  1377 | D:3      | Reached XP level 5. HP: 34/37 MP: 8/8
  2025 | D:3      | Learned a level 5 spell: Blade Hands
  2034 | D:4      | Reached skill level 5 in Transmutations
  2233 | D:4      | Reached skill level 6 in Transmutations
  2233 | D:4      | Reached XP level 6. HP: 16/43 MP: 9/9
  2484 | D:4      | Noticed a black bear
  2503 | D:5      | Entered Level 5 of the Dungeon
  2582 | D:5      | Reached skill level 7 in Transmutations
  2860 | D:5      | Found a runed translucent door.
  2867 | D:5      | Found a runed translucent door.
  2907 | D:5      | Reached skill level 8 in Transmutations
  2907 | D:5      | Reached XP level 7. HP: 35/48 MP: 10/10
  3030 | D:4      | Noticed Edmund
  3046 | D:4      | Killed Edmund
  3047 | D:4      | Reached skill level 9 in Transmutations
  3172 | D:4      | Reached skill level 5 in Unarmed Combat
  3433 | D:4      | Found a blossoming altar of Fedhas.
  3836 | D:5      | Learned a level 3 spell: Spider Form
  3908 | D:5      | Reached XP level 8. HP: 43/54 MP: 11/11
  4054 | D:5      | Slain by a gnoll

Illustrated notes

Levels and vault maps discovered:
D:1:      giann_bridges, layout_rooms
D:2:      layout_rooms, basic_altar, uniq_crazy_yiuf_cottage, uniq_terence,
          uniq_jessica
D:3:      layout_loops_ring, kennysheep_decorative_pillar,
          grunt_decor_one_mirror, chequers_decorated_corner,
          kennysheep_generic_room_14
D:4:      layout_loops_cross, fedhas_altar_fruit_tree, uniq_edmund
D:5:      lemuel_insect_pit, layout_basic, minmay_a_box_with_orc_wizards_in_it

Skill      XL: |  1  2  3  4  5  6  7 |
---------------+----------------------+-----
Stealth        | 1 2 |  2.1
Unarmed Combat | 4 6 |  6.3
Transmutations | 3 4 6 8 9 |  9.1
Dodging        | 3 |  3.8
Fighting       | |  1.1
Spellcasting   | |  2.0

Action                   |  1- 3 |  4- 6 |  7- 9 || total
-------------------------+-------+-------+-------++-------
Melee: Short sword       |    61 |   123 |    24 ||   208
       Unarmed           |     3 |     8 |    24 ||    35
       Tailslap          |     2 |       |       ||     2
       Punch             |     1 |     3 |     3 ||     7
Throw: Dart              |       |       |     5 ||     5
 Cast: Blade Hands       |       |     2 |     5 ||     7
 Stab: Sleeping          |     1 |    10 |     1 ||    12
Armor: Robe              |    13 |    22 |     8 ||    43
Dodge: Dodged            |    65 |    85 |    33 ||   183

Table legend: (Time is in decaauts)
 A = Elapsed time spent in this place.
 B = Non-inter-level travel time spent in this place.
 C = Inter-level travel time spent in this place.
 D = Time resting spent in this place.
 E = Time spent auto-exploring this place.
 F = Levels seen in this place.
 G = Mean time per level.
                   A        B        C        D        E       F      G
               +--------+--------+--------+--------+--------+-----+--------+
         Total |   4053 |   3958 |     95 |    260 |   2971 |   5 |  810.6 |
       Dungeon |   4053 |   3958 |     95 |    260 |   2971 |   5 |  810.6 |
               +--------+--------+--------+--------+--------+-----+--------+

Top non-repeatable levels by time:
     D:4: 981 daAuts
     D:5: 933 daAuts
     D:3: 822 daAuts
     D:2: 705 daAuts
     D:1: 611 daAuts
